% Time on Ice - KELOWNA ROCKETS
Lines # - Real PCT - Wanted PCT - Time Play
Normal Forward
1 - 33% - 36% - 18:32
2 - 33% - 36% - 18:14
3 - 23% - 28% - 12:54
4 - 11% - 0% - 6:22
Normal Defense
1 - 35% - 37% - 19:46
2 - 34% - 35% - 19:02
3 - 29% - 28% - 16:15
4 - 2% - 0% - 0:59
PP Forward
1 - 54% - 60% - 1:04
2 - 46% - 40% - 0:55
PP Defense
1 - 54% - 65% - 1:04
2 - 46% - 35% - 0:55
PK Forward
1 - 93% - 65% - 1:51
2 - 7% - 35% - 0:08
PK Defense
1 - 56% - 55% - 1:07
2 - 44% - 45% - 0:52
PK3 Forward
1 - 0% - 60%
2 - 0% - 40%
PK3 Defense
1 - 0% - 55%
2 - 0% - 45%
44 Forward
1 - 0% - 55%
2 - 0% - 45%
44 Defense
1 - 0% - 55%
2 - 0% - 45%
Last Minute Offensive  - 0:00
Last Minute Defensive  - 0:00
Total
Forward - 60:00
Defense - 60:00
% Time on Ice - TEXAS TOROS
Lines # - Real PCT - Wanted PCT - Time Play
Normal Forward
1 - 32% - 36% - 18:11
2 - 27% - 31% - 15:19
3 - 23% - 23% - 12:43
4 - 18% - 10% - 9:49
Normal Defense
1 - 32% - 36% - 18:07
2 - 35% - 31% - 19:44
3 - 27% - 23% - 15:20
4 - 5% - 10% - 2:51
PP Forward
1 - 54% - 55% - 1:04
2 - 46% - 45% - 0:55
PP Defense
1 - 54% - 55% - 1:04
2 - 46% - 45% - 0:55
PK Forward
1 - 63% - 55% - 1:15
2 - 37% - 45% - 0:44
PK Defense
1 - 63% - 55% - 1:15
2 - 37% - 45% - 0:44
PK3 Forward
1 - 0% - 55%
2 - 0% - 45%
PK3 Defense
1 - 0% - 55%
2 - 0% - 45%
44 Forward
1 - 0% - 55%
2 - 0% - 45%
44 Defense
1 - 0% - 55%
2 - 0% - 45%
Last Minute Offensive  - 0:00
Last Minute Defensive  - 0:00
Total
Forward - 60:00
Defense - 60:00
Play-by-Play 1st period 0:01 of 1st period - Troy Terry wins face-off versus Auston Matthews in neutral zone. 0:11 of 1st period - Icing by Auston Matthews. 0:12 of 1st period - Auston Matthews wins face-off versus Kevin Hayes in KELOWNA ROCKETS zone. 0:21 of 1st period - Tyson Barrie is hit by Pavel Buchnevich and loses puck. 0:40 of 1st period - Shot by Kevin Hayes. 0:40 of 1st period - Stopped by Craig Anderson without a rebound. 0:41 of 1st period - J.T. Compher wins face-off versus Trevor Zegras in KELOWNA ROCKETS zone. 0:41 of 1st period - J.T. Compher is hit by Wade Allison. 1:15 of 1st period - Icing by Mark Giordano. 1:16 of 1st period - J.T. Compher wins face-off versus Jonathan Toews in KELOWNA ROCKETS zone. 1:42 of 1st period - Shot by Dougie Hamilton. 1:42 of 1st period - Stopped by Craig Anderson without a rebound. 1:43 of 1st period - Ryan Poehling wins face-off versus Derek Ryan in KELOWNA ROCKETS zone. 2:11 of 1st period - Icing by Tyson Barrie. 2:12 of 1st period - Auston Matthews wins face-off versus Ryan Poehling in TEXAS TOROS zone. 2:13 of 1st period - Shot by Valeri Nichushkin. 2:13 of 1st period - Stopped by Daniil Tarasov without a rebound. 2:14 of 1st period - Auston Matthews wins face-off versus Kevin Hayes in TEXAS TOROS zone. 2:34 of 1st period - Valeri Nichushkin is hit by Mikhail Sergachev and loses puck. 2:43 of 1st period - Shot by Kevin Hayes. 2:43 of 1st period - Shot Misses the Net. 2:45 of 1st period - Shot by Taylor Raddysh. 2:45 of 1st period - Stopped by Craig Anderson without a rebound. 2:46 of 1st period - Derek Ryan wins face-off versus Jonathan Toews in KELOWNA ROCKETS zone. 2:46 of 1st period - Derek Ryan is hit by Danton Heinen. 3:40 of 1st period - Shot by Calle Jarnkrok. 3:40 of 1st period - Shot Misses the Net. 5:23 of 1st period - Dougie Hamilton is hit by Carson Meyer and loses puck. 5:46 of 1st period - Shot by Noah Gregor. 5:46 of 1st period - Stopped by Daniil Tarasov without a rebound. 5:47 of 1st period - Kevin Hayes wins face-off versus Derek Ryan in TEXAS TOROS zone. 5:55 of 1st period - Off-side. 5:56 of 1st period - J.T. Compher wins face-off versus Kevin Hayes in neutral zone. 7:08 of 1st period - Off-side. 7:09 of 1st period - Auston Matthews wins face-off versus Ryan Poehling in neutral zone. 7:22 of 1st period - Shot by Pavel Buchnevich. 7:22 of 1st period - Deflect By Valeri Nichushkin. 7:22 of 1st period - Shot Misses the Net. 7:24 of 1st period - Shot by Auston Matthews. 7:24 of 1st period - Stopped by Daniil Tarasov with a rebound. 7:26 of 1st period - Shot by Auston Matthews. 7:26 of 1st period - Shot Misses the Net. 7:28 of 1st period - Shot by Erik Brannstrom. 7:28 of 1st period - Shot Misses the Net. 8:41 of 1st period - Adam Fox is hit by Ryan Suter and loses puck. 9:02 of 1st period - Kevin Hayes is hit by Calle Jarnkrok and loses puck. 9:17 of 1st period - Shot by Vladimir Tarasenko. 9:17 of 1st period - Goal by Vladimir Tarasenko - KELOWNA ROCKETS : 1 - TEXAS TOROS : 0. 9:18 of 1st period - Auston Matthews wins face-off versus Trevor Zegras in neutral zone. 9:18 of 1st period - Auston Matthews is hit by Wade Allison. 10:08 of 1st period - Shot by Taylor Raddysh. 10:08 of 1st period - Stopped by Craig Anderson without a rebound. 10:09 of 1st period - Kevin Hayes wins face-off versus J.T. Compher in KELOWNA ROCKETS zone. 10:09 of 1st period - Minor Penalty to Adam Fox for High sticking. 10:10 of 1st period - Kevin Hayes wins face-off versus J.T. Compher in KELOWNA ROCKETS zone. 10:20 of 1st period - Icing by Ryan Suter. 10:21 of 1st period - Kevin Hayes wins face-off versus J.T. Compher in TEXAS TOROS zone. 10:48 of 1st period - Shot by Ryan Suter. 10:48 of 1st period - Shot Misses the Net. 11:26 of 1st period - Shot by Trevor Zegras. 11:26 of 1st period - Stopped by Craig Anderson without a rebound. 11:27 of 1st period - J.T. Compher wins face-off versus Trevor Zegras in KELOWNA ROCKETS zone. 12:27 of 1st period - Shot by Pavel Dorofeyev. 12:27 of 1st period - Stopped by Daniil Tarasov with a rebound. 13:24 of 1st period - Kevin Hayes is hit by Kyle Burroughs and loses puck. 15:17 of 1st period - Icing by Vladimir Tarasenko. 15:18 of 1st period - J.T. Compher wins face-off versus Jesse Ylonen in KELOWNA ROCKETS zone. 15:18 of 1st period - J.T. Compher is hit by Tyson Foerster. 15:42 of 1st period - Ryan Suter is hit by Pavel Buchnevich and loses puck. 16:00 of 1st period - Valeri Nichushkin is hit by Ryan Suter and loses puck. 16:18 of 1st period - Shot by Pavel Buchnevich. 16:18 of 1st period - Goal by Pavel Buchnevich - KELOWNA ROCKETS : 2 - TEXAS TOROS : 0. 16:19 of 1st period - Jonathan Toews wins face-off versus Derek Ryan in neutral zone. 16:30 of 1st period - Shot by Derek Ryan. 16:30 of 1st period - Stopped by Daniil Tarasov without a rebound. 16:31 of 1st period - Lukas Sedlak wins face-off versus Kevin Hayes in TEXAS TOROS zone. 16:34 of 1st period - Shot by Noah Gregor. 16:34 of 1st period - Shot Misses the Net. 17:04 of 1st period - Icing by Erik Brannstrom. 17:05 of 1st period - Jonathan Toews wins face-off versus Noah Gregor in KELOWNA ROCKETS zone. 18:07 of 1st period - Shot by Derek Ryan. 18:07 of 1st period - Stopped by Daniil Tarasov without a rebound. 18:08 of 1st period - Auston Matthews wins face-off versus Kevin Hayes in TEXAS TOROS zone. 18:09 of 1st period - Shot by Valeri Nichushkin. 18:09 of 1st period - Stopped by Daniil Tarasov without a rebound. 18:10 of 1st period - Kevin Hayes wins face-off versus Auston Matthews in TEXAS TOROS zone. 18:23 of 1st period - Shot by Kevin Hayes. 18:23 of 1st period - Stopped by Craig Anderson without a rebound. 18:24 of 1st period - Derek Ryan wins face-off versus Yegor Chinakhov in KELOWNA ROCKETS zone. 19:19 of 1st period - Tyson Barrie is hit by Pavel Buchnevich and loses puck. 19:53 of 1st period - Shot by Pavel Buchnevich. 19:53 of 1st period - Deflect By Valeri Nichushkin. 19:53 of 1st period - Shot Misses the Net. Goals for this period are 2 for KELOWNA ROCKETS vs 0 for TEXAS TOROS. Shots for this period are 9 for KELOWNA ROCKETS vs 6 for TEXAS TOROS. 2nd period 0:01 of 2nd period - J.T. Compher wins face-off versus Jonathan Toews in neutral zone. 1:45 of 2nd period - Shot by Valeri Nichushkin. 1:45 of 2nd period - Shot Misses the Net. 1:47 of 2nd period - Shot by Valeri Nichushkin. 1:47 of 2nd period - Shot Misses the Net. 1:49 of 2nd period - Shot by Pavel Buchnevich. 1:49 of 2nd period - Stopped by Daniil Tarasov without a rebound. 1:50 of 2nd peri